 Seeded DCSS version 0.27-a0-681-g0c81a3c1c3 (webtiles) character file.

Game seed: 6989727257301152680 (custom seed)

91 Terratoch the Ducker (level 4, -10/24 HPs)
             Began as a Spriggan Berserker on Mar 20, 2021.
             Was a Believer of Trog.
             Mangled by Sigmund
             ... wielding a +1 scythe of freezing
              (14 damage)
             ... on level 2 of the Dungeon.
             The game lasted 00:02:44 (1837 turns).

Terratoch the Ducker (Spriggan Berserker)           Turns: 1837, Time: 00:02:45

Health: -10/24     AC:  2    Str: 17    XL:     4   Next: 33%
Magic:  1/1        EV: 19    Int: 10    God:    Trog [**....]
Gold:   157        SH:  0    Dex: 14    Spells: 3/3 levels left

rFire    . . .     SeeInvis +   c - +11 war axe of the Snake Pit {antimagic, Str+3 Int+2}
rCold    . . .     Faith    .   (shield restricted)
rNeg     . . .     Spirit   .   b - +0 animal skin
rPois    .         Reflect  .   (helmet restricted)
rElec    .         Harm     .   (no cloak)
rCorr    .         Rampage  .   (gloves unavailable)
Will     .....                  (boots unavailable)
Stlth    +.........             (no amulet)
HPRegen  0.08/turn              (no ring)
MPRegen  0.07/turn              (no ring)

@: very quick
A: very small, no large weapons, unfitting armour, see invisible, speed 3
a: Renounce Religion, Berserk, Trog's Hand


You were on level 2 of the Dungeon.
You worshipped Trog.
Trog was pleased with you.
You visited 1 branch of the dungeon, and saw 2 of its levels.

You collected 157 gold pieces.

Inventory:

Hand Weapons
 a - a +0 hand axe
 c - the +11 war axe of the Snake Pit (weapon) {antimagic, Str+3 Int+2}
   (You acquired it on level 1 of the Dungeon)

   It reduces the magical energy of the wielder, and disrupts the spells and
   magical abilities of those hit.
   Natural abilities and divine invocations are not affected.
   It affects your strength (+3).
   It affects your intelligence (+2).
Armour
 b - a +0 animal skin (worn)
Scrolls
 f - a scroll of noise {unknown}
 h - a scroll of identify {unknown}
 i - a scroll of random uselessness {unknown}
 j - a scroll of teleportation {unknown}
 l - a scroll of torment {unknown}
 m - a scroll of enchant weapon {unknown}
Potions
 d - 3 potions of mutation {unknown}
 e - 2 potions of heal wounds {unknown}
 g - a potion of curing {unknown}
 k - a potion of degeneration {unknown}
 n - a potion of berserk rage {unknown}


   Skills:
 + Level 3.1 Fighting
 + Level 3.2 Axes
 + Level 5.1 Dodging


You had 3 spell levels left.
You didn't know any spells.
Your spell library was empty.

Dungeon Overview and Level Annotations

Branches:
Dungeon (2/15)

Altars:
Vehumet

Annotations:
D:2 Sigmund


Innate Abilities, Weirdness & Mutations

You are very small and have problems with some larger weapons.
You are too small for most types of armour.
You have supernaturally acute eyesight. (SInv)
You cover ground extremely quickly. (Speed+++)


Message History

Found a helmet and a leatherbound book.
You see here a +0 helmet.
You see here a book of Minor Magic.
A frilled lizard comes into view.
The frilled lizard hisses angrily.
A frilled lizard is nearby!
The frilled lizard bites you but does no damage.
You slice the frilled lizard!!
You kill the frilled lizard!
Trog accepts your kill.
Sigmund the Dreaded comes into view.
He is wielding a +1 scythe of freezing.
Sigmund shouts!
Sigmund points at you and mumbles some strange words.
You easily resist.
You hit Sigmund.
Sigmund's magic leaks into the air.
Sigmund is lightly wounded.
Sigmund points at himself and mumbles some strange words.
Sigmund flickers and vanishes for a moment.
You hit Sigmund.
Sigmund's magic leaks into the air.
Sigmund is lightly wounded.
Sigmund says, "Don't worry, I'll kill you fast."
Sigmund closely misses you.
You closely miss Sigmund.
Sigmund is lightly wounded.
Sigmund misses you. x2
You closely miss Sigmund.
Sigmund is lightly wounded.
Sigmund hits you with a +1 scythe of freezing.
Sigmund freezes you.
You slash Sigmund!
Sigmund's magic leaks into the air.
Sigmund is severely wounded.
Sigmund says, "Look into my eyes."
Sigmund hits you with a +1 scythe of freezing!
Ouch! That really hurt!
* * * LOW HITPOINT WARNING * * *
Sigmund freezes you.
* * * LOW HITPOINT WARNING * * *
Sigmund hits you with a +1 scythe of freezing!
Ouch! That really hurt!
You die...

#.#.#########..#
#.#:#.......#..#
#.#[##.#....#..# #
..#.##.#.####..####.#
#.#.##.#.# #..#...
#.#.##.#.# #..#.#####
#.#..<...# #........#
#.####.### #.##.##.##
#.# #.# #...@...# ..#
#.# ####@#### ..# #.#
#.# ..# #.# #.# ..#
#.# #.# ..####.# #.#
.>..##.# #.# ###.##.#
#.# #.##.#


You could see Sigmund (invisible).

Vanquished Creatures
  4 gnolls (D:2)
  An adder (D:2)
  A worm (D:2)
  2 dart slugs (D:1)
  4 leopard geckos
  4 bats
  A giant cockroach (D:1)
  3 goblins
  3 hobgoblins
  3 kobolds (D:2)
  3 frilled lizards
  6 rats
35 creatures vanquished.

Notes
Turn   | Place    | Note
-------+----------+-------------------------------------------
     0 | D:1      | Terratoch the Spriggan Berserker began the quest for the
                  | Orb.
     0 | D:1      | Reached XP level 1. HP: 11/11 MP: 2/2
    67 | D:1      | Identified a scroll of acquirement
    67 | D:1      | Acquired the +11 war axe of the Snake Pit {antimagic, Str+3
                  | Int+2}
   206 | D:1      | Reached XP level 2. HP: 16/16 MP: 1/3
   911 | D:2      | Reached XP level 3. HP: 14/19 MP: 1/4
  1160 | D:2      | Reached skill level 5 in Dodging
  1160 | D:2      | Reached XP level 4. HP: 4/24 MP: 1/5
  1551 | D:2      | Reached ** piety under Trog
  1591 | D:2      | Found a radiant altar of Vehumet.
  1830 | D:2      | Noticed Sigmund
  1837 | D:2      | Mangled by Sigmund

Illustrated notes

Levels and vault maps discovered:
D:1:      kennysheep_arrival_forest, layout_basic
D:2:      layout_basic, gammafunk_temple_overflow_statue,
          nicolae_vehumet_altar_sigil, uniq_sigmund

Skill      XL: |  1  2  3 |
---------------+----------+-----
Axes           | 3 |  3.2
Fighting       | 3 |  3.1
Dodging        | 5 |  5.1

Action                   |  1- 3 |  4- 6 || total
-------------------------+-------+-------++-------
Melee: War axe           |    38 |    24 ||    62
Invok: Berserk           |     1 |       ||     1
  Use: Scroll            |     1 |       ||     1
 Stab: Sleeping          |     1 |     1 ||     2
Armor: Animal skin       |     3 |     1 ||     4
Dodge: Dodged            |    31 |    13 ||    44

Table legend: (Time is in decaauts)
 A = Elapsed time spent in this place.
 B = Non-inter-level travel time spent in this place.
 C = Inter-level travel time spent in this place.
 D = Time resting spent in this place.
 E = Time spent auto-exploring this place.
 F = Levels seen in this place.
 G = Mean time per level.
                   A        B        C        D        E       F      G
               +--------+--------+--------+--------+--------+-----+--------+
         Total |   1394 |   1394 |      0 |      0 |   1114 |   2 |  697.0 |
       Dungeon |   1394 |   1394 |      0 |      0 |   1114 |   2 |  697.0 |
               +--------+--------+--------+--------+--------+-----+--------+

Top non-repeatable levels by time:
     D:2: 807 daAuts
     D:1: 586 daAuts
